Heat vs Crunch

Created - Monday, November 30, 2015 at 01:55

Goals
1 2 3 OT1 T
Heat 0 1 0 0 1
Crunch 1 0 0 1 2
Shots
1 2 3 OT1 T
Heat 4 10 12 0 26
Crunch 14 4 12 1 31

1st period

1. Crunch , Scott Hannan 4 (Stanislav Galiev, Markus Lauridsen) at 15:14

Penalties :
Scott Hannan (SYR) for High sticking (Minor) at 12:19, Konrad Abeltshauser (STO) for Holding (Minor) at 18:38

2nd period

2. Heat , Andre Burakovsky 9 (J.T. Miller) at 14:27

Penalties :
Eriah Hayes (SYR) for Attempt to injure (Major / Game Misconduct) at 2:42, Max Reinhart (STO) for Slashing (Minor) at 11:19

3rd period

No Goal

Penalties :
Jordin Tootoo (SYR) for Goalie Interference (Minor) at 14:48

Overtime #1

3. Crunch , Scott Hannan 5 (Sam Carrick, Jordin Tootoo) at 0:16

Penalties :
No Penalty

Goalie Stats

Michael Leighton (STO), 29 saves from 31 shots - (0.935), OTL, 16-1-2, 60:16 minutes
Aaron Dell (SYR), 25 saves from 26 shots - (0.962), W, 7-1-0, 60:16 minutes

Players Stats for Heat

Player Name              G  A  P  +/- PIM S  H  SB GA TA FO     MP     PP MP  PK MP  
------------------------------------------------------------------------------------
Andre Burakovsky         1  0  1   1  0   2  1  0  2  0  1/2    16:47   3:46   0:00 
Bogdan Yakimov           0  0  0  -1  0   1  1  0  2  0  1/10   16:16   0:00   2:02 
Brenden Kichton          0  0  0  -1  0   0  0  1  0  0  0/0    18:55   4:27   0:38 
Chris Tierney            0  0  0   0  0   2  1  0  3  0  4/12   18:22   3:53   0:00 
Corey Potter             0  0  0  -1  0   0  1  0  0  3  0/0    16:36   0:50   1:45 
Eric Boulton             0  0  0   0  0   0  0  0  0  0  0/0     0:00   0:00   0:00 
J.T. Miller              0  1  1   0  0   2  1  3  3  4  5/10   21:06   3:20   0:00 
Johan Larsson            0  0  0   0  0   3  1  1  0  0  0/0    19:42   3:46   0:00 
Konrad Abeltshauser      0  0  0   0  2   2  2  1  0  2  0/0    16:44   0:00   1:07 
Lucas Lessio             0  0  0   0  0   0  0  0  2  0  0/0     8:08   1:01   1:03 
Matt Ellis               0  0  0   0  0   5  0  0  1  0  0/0    18:10   4:10   0:00 
Max Reinhart             0  0  0  -1  2   0  0  0  2  0  1/2    15:05   0:00   0:49 
Michael Ferland          0  0  0  -1  0   1  3  0  1  0  0/0    10:19   0:39   1:45 
Ryan Murphy              0  0  0   0  0   0  0  0  1  2  0/0    24:03   4:02   2:13 
Stephane Veilleux        0  0  0   0  0   2  1  0  2  1  0/1    18:10   4:10   0:00 
Tyler Pitlick            0  0  0   0  0   5  1  0  1  0  4/8    13:59   1:44   2:17 
Tyler Wotherspoon        0  0  0   0  0   1  5  0  0  1  0/0    22:11   4:27   2:13 
Tyson Strachan           0  0  0   0  0   0  1  1  0  1  0/0    22:26   4:30   0:00 

Players Stats for Crunch

Player Name              G  A  P  +/- PIM S  H  SB GA TA FO     MP     PP MP  PK MP  
------------------------------------------------------------------------------------
Casey Wellman            0  0  0   0  0   0  4  0  0  1  6/12   13:04   1:59   0:00 
Corban Knight            0  0  0   0  0   3  1  0  2  0  6/7    13:33   0:00   0:47 
Daniel Carr              0  0  0   0  0   2  2  0  0  0  1/1    11:56   0:00   0:00 
Daniel Cleary            0  0  0   0  0   2  1  1  0  1  0/1    16:56   1:59   3:39 
Dustin Jeffrey           0  0  0   0  0   1  3  2  2  0  4/5    17:25   0:27   3:56 
Eriah Hayes              0  0  0   0  15  0  0  2  0  0  0/0     5:24   0:00   1:20 
Jordin Tootoo            0  1  1   1  2   3  2  0  3  0  0/2    16:56   1:32   0:59 
Kevin Marshall           0  0  0  -1  0   1  1  0  1  1  0/0    15:43   0:00   0:00 
Markus Lauridsen         0  1  1  -1  0   0  0  0  1  0  0/0    15:43   0:00   0:00 
Martin Havlat            0  0  0   0  0   4  1  0  6  0  0/0    17:33   1:59   0:00 
Matt Cooke               0  0  0   0  0   2  0  2  2  2  1/1    16:21   1:59   2:53 
Matt Hunwick             0  0  0   2  0   1  1  1  0  1  0/0    23:52   2:15   5:21 
Nick Jensen              0  0  0   0  0   0  2  0  0  0  0/0    22:04   1:43   4:59 
Nolan Yonkman            0  0  0   0  0   2  0  2  0  2  0/0    20:40   1:43   3:36 
Sam Carrick              0  1  1   1  0   1  3  0  1  0  4/9    17:41   1:59   4:20 
Scott Hannan             2  0  2   2  2   4  0  3  0  2  0/0    22:28   2:15   3:58 
Stanislav Galiev         0  1  1   0  0   3  1  0  3  0  0/0    12:44   0:00   0:00 
Travis Oleksuk           0  0  0   0  0   2  0  0  2  0  7/7    11:56   0:00   0:00 

3 Stars

1 - Scott Hannan (SYR)
2 - Aaron Dell (SYR)
3 - Andre Burakovsky (STO)

Power Play

Heat - 0 on 3 Attempt(s) - 0.00%
Crunch - 0 on 2 Attempt(s) - 0.00%

Penalty Kill

Heat - 2 on 2 Attempt(s) - 100.00% - Score 0 goal in Penalty Kill
Crunch - 3 on 3 Attempt(s) - 100.00% - Score 0 goal in Penalty Kill

Team Stat

Heat - Hits : 19 - Faceoff Wins : 16 - Blocked Shots : 7 - Penalty Minutes : 4
Crunch - Hits : 22 - Faceoff Wins : 29 - Blocked Shots : 13 - Penalty Minutes : 19

Official

Referees : Unknown
Linesman : Unknown

Game Notes

Eriah Hayes ejected from game at 2:42 of 2nd period
Michael Ferland is injured at 17:01 of 2nd period (Broken Bone (Right Ankle))

Finance

Level 1 -- Attendance: 1507 (75.35%) -- Ticket Income $37,675
Level 2 -- Attendance: 761 (76.10%) -- Ticket Income $7,610
Total Attendance: 2268 (75.60%)
Total Ticket Income: $45,285
Other Income: $22,190
Total Income: $67,475

Heat

5 vs 5 Forward 
   Center                   Left Wing                Right Wing               Time % Phy DF OF 
 1 J.T. Miller              Johan Larsson            Andre Burakovsky         35     1   2  2  
 2 Chris Tierney            Stephane Veilleux        Matt Ellis               28     1   2  2  
 3 Tyler Pitlick            Lucas Lessio             J.T. Miller              22     1   2  2  
 4 Bogdan Yakimov           Max Reinhart             Michael Ferland          15     1   2  2  

5 vs 5 Defense 
   Defense                  Defense                                           Time % Phy DF OF 
 1 Tyson Strachan           Ryan Murphy                                       35     1   2  2  
 2 Tyler Wotherspoon        Konrad Abeltshauser                               30     1   2  2  
 3 Corey Potter             Brenden Kichton                                   22     1   2  2  
 4 Tyson Strachan           Ryan Murphy                                       13     1   2  2  

PowerPlay Forward 
   Center                   Left Wing                Right Wing               Time % Phy DF OF 
 1 J.T. Miller              Johan Larsson            Andre Burakovsky         50     0   0  5  
 2 Chris Tierney            Stephane Veilleux        Matt Ellis               50     0   0  5  

PowerPlay Defense
   Defense                  Defense                                           Time % Phy DF OF 
 1 Tyson Strachan           Ryan Murphy                                       50     0   0  5  
 2 Tyler Wotherspoon        Brenden Kichton                                   50     0   0  5  

Penalty Kill 4 Players Forward 
   Center                   Wing                     Time % Phy DF OF 
 1 Bogdan Yakimov           Tyler Pitlick            50     0   5  0  
 2 Max Reinhart             Michael Ferland          50     0   5  0  

Penalty Kill 4 Players Defense
   Defense                  Defense                  Time % Phy DF OF 
 1 Konrad Abeltshauser      Corey Potter             50     0   5  0  
 2 Tyler Wotherspoon        Ryan Murphy              50     0   5  0  

Penalty Kill - 3 Players Forward 
   Forward                                           Time % Phy DF OF 
 1 Bogdan Yakimov                                    50     0   5  0  
 2 Max Reinhart                                      50     0   5  0  

Penalty Kill - 3 Players Defense
   Defense                  Defense                  Time % Phy DF OF 
 1 Tyler Wotherspoon        Tyson Strachan           50     0   5  0  
 2 Konrad Abeltshauser      Corey Potter             50     0   5  0  

4 vs 4 Forward 
   Center                   Wing                     Time % Phy DF OF 
 1 J.T. Miller              Johan Larsson            50     1   2  2  
 2 Chris Tierney            Lucas Lessio             50     1   2  2  

4 vs 4 Defense
   Defense                  Defense                  Time % Phy DF OF 
 1 Tyson Strachan           Ryan Murphy              50     1   2  2  
 2 Konrad Abeltshauser      Brenden Kichton          50     1   2  2  

Last Minutes Offensive
   Center                   Left Wing                Right Wing               Defense                  Defense                  
   J.T. Miller              Johan Larsson            Andre Burakovsky         Tyler Wotherspoon        Ryan Murphy              

Last Minutes Defensive
   Center                   Left Wing                Right Wing               Defense                  Defense                  
   Chris Tierney            Stephane Veilleux        Matt Ellis               Konrad Abeltshauser      Tyson Strachan           

Goaltenders
Starting : Michael Leighton         
Backup : Andrei Vasilevskiy       

Extra Forwards
Normal : Johan Larsson, Chris Tierney, Michael Ferland - PP : J.T. Miller, Chris Tierney - PK : Michael Ferland
Extra Defensemen
Normal : Corey Potter, Brenden Kichton, Tyler Wotherspoon - PP : Corey Potter - PK : Brenden Kichton, Tyler Wotherspoon
Penalty Shots
J.T. Miller, Johan Larsson, Stephane Veilleux, Lucas Lessio, Andre Burakovsky

Crunch

5 vs 5 Forward 
   Center                   Left Wing                Right Wing               Time % Phy DF OF 
 1 Sam Carrick              Jordin Tootoo            Matt Cooke               30     1   2  2  
 2 Casey Wellman            Martin Havlat            Daniel Cleary            30     1   2  2  
 3 Corban Knight            Dustin Jeffrey           Stanislav Galiev         25     1   2  2  
 4 Travis Oleksuk           Daniel Carr              Eriah Hayes              15     1   2  2  

5 vs 5 Defense 
   Defense                  Defense                                           Time % Phy DF OF 
 1 Scott Hannan             Matt Hunwick                                      34     1   2  2  
 2 Nick Jensen              Nolan Yonkman                                     33     1   2  2  
 3 Markus Lauridsen         Kevin Marshall                                    33     1   2  2  
 4 Scott Hannan             Matt Hunwick                                      0      1   2  2  

PowerPlay Forward 
   Center                   Left Wing                Right Wing               Time % Phy DF OF 
 1 Sam Carrick              Jordin Tootoo            Matt Cooke               50     1   1  3  
 2 Casey Wellman            Martin Havlat            Daniel Cleary            50     0   1  4  

PowerPlay Defense
   Defense                  Defense                                           Time % Phy DF OF 
 1 Scott Hannan             Matt Hunwick                                      50     1   2  2  
 2 Nick Jensen              Nolan Yonkman                                     50     1   2  2  

Penalty Kill 4 Players Forward 
   Center                   Wing                     Time % Phy DF OF 
 1 Dustin Jeffrey           Daniel Cleary            50     1   4  0  
 2 Sam Carrick              Eriah Hayes              50     1   4  0  

Penalty Kill 4 Players Defense
   Defense                  Defense                  Time % Phy DF OF 
 1 Scott Hannan             Matt Hunwick             50     1   4  0  
 2 Nick Jensen              Nolan Yonkman            50     1   4  0  

Penalty Kill - 3 Players Forward 
   Forward                                           Time % Phy DF OF 
 1 Dustin Jeffrey                                    50     1   4  0  
 2 Sam Carrick                                       50     1   4  0  

Penalty Kill - 3 Players Defense
   Defense                  Defense                  Time % Phy DF OF 
 1 Matt Hunwick             Scott Hannan             50     1   4  0  
 2 Nick Jensen              Nolan Yonkman            50     1   4  0  

4 vs 4 Forward 
   Center                   Wing                     Time % Phy DF OF 
 1 Sam Carrick              Jordin Tootoo            50     1   1  3  
 2 Casey Wellman            Martin Havlat            50     0   1  4  

4 vs 4 Defense
   Defense                  Defense                  Time % Phy DF OF 
 1 Scott Hannan             Matt Hunwick             50     1   2  2  
 2 Nick Jensen              Nolan Yonkman            50     1   2  2  

Last Minutes Offensive
   Center                   Left Wing                Right Wing               Defense                  Defense                  
   Sam Carrick              Jordin Tootoo            Matt Cooke               Matt Hunwick             Scott Hannan             

Last Minutes Defensive
   Center                   Left Wing                Right Wing               Defense                  Defense                  
   Sam Carrick              Daniel Cleary            Matt Cooke               Matt Hunwick             Scott Hannan             

Goaltenders
Starting : Aaron Dell               
Backup : Richard Bachman          

Extra Forwards
Normal : Martin Havlat, Jordin Tootoo, Matt Cooke - PP : Martin Havlat, Jordin Tootoo - PK : Matt Cooke
Extra Defensemen
Normal : Scott Hannan, Matt Hunwick, Nolan Yonkman - PP : Scott Hannan - PK : Scott Hannan, Matt Hunwick
Penalty Shots
Stanislav Galiev, Dustin Jeffrey, Casey Wellman, Daniel Carr, Travis Oleksuk

% Time on Ice - Heat

Lines # - Real PCT - Wanted PCT - Time Play
Normal Forward
1 - 27% - 35% - 12:43
2 - 30% - 28% - 14:07
3 - 13% - 22% - 6:04
4 - 30% - 15% - 14:11
Normal Defense
1 - 33% - 35% - 15:34
2 - 33% - 30% - 15:31
3 - 29% - 22% - 13:28
4 - 5% - 13% - 2:32
PP Forward
1 - 49% - 50% - 4:25
2 - 51% - 50% - 4:32
PP Defense
1 - 50% - 50% - 4:30
2 - 50% - 50% - 4:27
PK Forward
1 - 51% - 50% - 2:02
2 - 49% - 50% - 1:56
PK Defense
1 - 44% - 50% - 1:45
2 - 56% - 50% - 2:13
PK3 Forward
1 - 0% - 50%
2 - 0% - 50%
PK3 Defense
1 - 0% - 50%
2 - 0% - 50%
44 Forward
1 - 100% - 50% - 0:16
2 - 0% - 50% - 0:00
44 Defense
1 - 100% - 50% - 0:16
2 - 0% - 50% - 0:00
Last Minute Offensive  - 0:00
Last Minute Defensive  - 0:00
Total
Forward - 60:16
Defense - 60:16

% Time on Ice - Crunch

Lines # - Real PCT - Wanted PCT - Time Play
Normal Forward
1 - 24% - 30% - 11:18
2 - 24% - 30% - 11:06
3 - 27% - 25% - 12:44
4 - 25% - 15% - 11:57
Normal Defense
1 - 33% - 34% - 15:21
2 - 33% - 33% - 15:21
3 - 33% - 33% - 15:43
4 - 1% - 0% - 0:40
PP Forward
1 - 50% - 50% - 1:59
2 - 50% - 50% - 1:59
PP Defense
1 - 57% - 50% - 2:15
2 - 43% - 50% - 1:43
PK Forward
1 - 41% - 50% - 3:39
2 - 59% - 50% - 5:18
PK Defense
1 - 60% - 50% - 5:21
2 - 40% - 50% - 3:36
PK3 Forward
1 - 0% - 50%
2 - 0% - 50%
PK3 Defense
1 - 0% - 50%
2 - 0% - 50%
44 Forward
1 - 100% - 50% - 0:16
2 - 0% - 50% - 0:00
44 Defense
1 - 100% - 50% - 0:16
2 - 0% - 50% - 0:00
Last Minute Offensive  - 0:00
Last Minute Defensive  - 0:00
Total
Forward - 60:16
Defense - 60:16

Play by Play

1st period


0:01 of 1st period - Sam Carrick wins face-off versus J.T. Miller in neutral zone.
0:40 of 1st period - Tyson Strachan is hit by Jordin Tootoo and loses puck.
0:59 of 1st period - Matt Hunwick is hit by Konrad Abeltshauser and loses puck.
1:06 of 1st period - Snap shot by Chris Tierney.
1:06 of 1st period - Shot Misses the Net.
1:29 of 1st period - Snap shot by Chris Tierney.
1:29 of 1st period - Shot Blocked by Scott Hannan.
2:01 of 1st period - Snap shot by Michael Ferland.
2:01 of 1st period - Shot Misses the Net.
2:27 of 1st period - Snap shot by Travis Oleksuk.
2:27 of 1st period - Stopped by Michael Leighton with a rebound.
2:29 of 1st period - Slapshot by Daniel Carr.
2:29 of 1st period - Shot Misses the Net.
2:39 of 1st period - Snap shot by Daniel Carr.
2:39 of 1st period - Shot Blocked by Brenden Kichton.
2:41 of 1st period - Snap shot by Travis Oleksuk.
2:41 of 1st period - Deflect By Daniel Carr.
2:41 of 1st period - Stopped by Michael Leighton without a rebound.
2:42 of 1st period - Tyler Pitlick wins face-off versus Sam Carrick in Heat zone.
3:27 of 1st period - Wrist shot by Chris Tierney.
3:27 of 1st period - Shot Misses the Net.
3:29 of 1st period - Snap shot by Chris Tierney.
3:29 of 1st period - Shot Blocked by Eriah Hayes.
3:31 of 1st period - Wrist shot by Matt Ellis.
3:31 of 1st period - Shot Hit the Post.
3:33 of 1st period - Slapshot by Tyson Strachan.
3:33 of 1st period - Shot Blocked by Eriah Hayes.
4:16 of 1st period - Icing by Nolan Yonkman.
4:17 of 1st period - Dustin Jeffrey wins face-off versus J.T. Miller in Crunch zone.
5:05 of 1st period - Tyson Strachan is hit by Casey Wellman and loses puck.
5:18 of 1st period - Wrist shot by Daniel Cleary.
5:18 of 1st period - Stopped by Michael Leighton with a rebound.
5:20 of 1st period - Snap shot by Daniel Cleary.
5:20 of 1st period - Shot Misses the Net.
6:38 of 1st period - Konrad Abeltshauser is hit by Daniel Carr and loses puck.
7:05 of 1st period - Matt Hunwick is hit by Tyler Wotherspoon and loses puck.
7:24 of 1st period - Wrist shot by Tyler Pitlick.
7:24 of 1st period - Stopped by Aaron Dell with a rebound.
7:26 of 1st period - Slapshot by Brenden Kichton.
7:26 of 1st period - Shot Misses the Net.
7:28 of 1st period - Snap shot by Tyler Pitlick.
7:28 of 1st period - Shot Blocked by Dustin Jeffrey.
7:37 of 1st period - Off-side.
7:38 of 1st period - Chris Tierney wins face-off versus Casey Wellman in neutral zone.
7:41 of 1st period - Wrist shot by Matt Ellis.
7:41 of 1st period - Stopped by Aaron Dell without a rebound.
7:42 of 1st period - Casey Wellman wins face-off versus Stephane Veilleux in Crunch zone.
8:03 of 1st period - Daniel Cleary is hit by Chris Tierney.
8:33 of 1st period - Wrist shot by Jordin Tootoo.
8:33 of 1st period - Shot Blocked by Konrad Abeltshauser.
8:36 of 1st period - Icing by Konrad Abeltshauser.
8:37 of 1st period - Matt Cooke wins face-off versus Bogdan Yakimov in Heat zone.
10:14 of 1st period - Chris Tierney is hit by Nick Jensen and loses puck.
10:42 of 1st period - Slapshot by Martin Havlat.
10:42 of 1st period - Stopped by Michael Leighton with a rebound.
11:02 of 1st period - Snap shot by Daniel Cleary.
11:02 of 1st period - Stopped by Michael Leighton with a rebound.
11:06 of 1st period - Slapshot by Martin Havlat.
11:06 of 1st period - Stopped by Michael Leighton with a rebound.
11:08 of 1st period - Wrist shot by Casey Wellman.
11:08 of 1st period - Shot Misses the Net.
12:19 of 1st period - Minor Penalty to Scott Hannan for High sticking.
12:20 of 1st period - J.T. Miller wins face-off versus Sam Carrick in Crunch zone.
12:33 of 1st period - Johan Larsson is hit by Sam Carrick and loses puck.
12:42 of 1st period - Snap shot by Eriah Hayes.
12:42 of 1st period - Shot Misses the Net.
12:55 of 1st period - Icing by Brenden Kichton.
12:56 of 1st period - J.T. Miller wins face-off versus Dustin Jeffrey in Heat zone.
13:07 of 1st period - Matt Hunwick is hit by Tyler Wotherspoon and loses puck.
14:19 of 1st period - Penalty to Scott Hannan is over, Scott Hannan is back on ice.
14:46 of 1st period - Max Reinhart is hit by Martin Havlat and loses puck.
15:01 of 1st period - Slapshot by Corban Knight.
15:01 of 1st period - Stopped by Michael Leighton with a rebound.
15:03 of 1st period - Snap shot by Stanislav Galiev.
15:03 of 1st period - Stopped by Michael Leighton with a rebound.
15:05 of 1st period - Wrist shot by Corban Knight.
15:05 of 1st period - Stopped by Michael Leighton with a rebound.
15:12 of 1st period - Slapshot by Scott Hannan.
15:12 of 1st period - Stopped by Michael Leighton with a rebound.
15:14 of 1st period - Slapshot by Scott Hannan.
15:14 of 1st period - Goal by Scott Hannan - Heat : 0 - Crunch : 1.
15:15 of 1st period - Corban Knight wins face-off versus Bogdan Yakimov in neutral zone.
15:18 of 1st period - Snap shot by Dustin Jeffrey.
15:18 of 1st period - Stopped by Michael Leighton without a rebound.
15:19 of 1st period - Corban Knight wins face-off versus Bogdan Yakimov in Heat zone.
16:03 of 1st period - Kevin Marshall is hit by Tyler Wotherspoon and loses puck.
16:14 of 1st period - Chris Tierney is hit by Kevin Marshall and loses puck.
16:29 of 1st period - Wrist shot by Daniel Cleary.
16:29 of 1st period - Shot Misses the Net.
16:31 of 1st period - Slapshot by Matt Hunwick.
16:31 of 1st period - Stopped by Michael Leighton with a rebound.
16:55 of 1st period - Slapshot by Scott Hannan.
16:55 of 1st period - Shot Misses the Net.
16:57 of 1st period - Slapshot by Scott Hannan.
16:57 of 1st period - Stopped by Michael Leighton with a rebound.
16:59 of 1st period - Snap shot by Travis Oleksuk.
16:59 of 1st period - Shot Misses the Net.
17:09 of 1st period - Wrist shot by Travis Oleksuk.
17:09 of 1st period - Shot Misses the Net.
17:23 of 1st period - Nick Jensen is hit by Tyson Strachan and loses puck.
17:36 of 1st period - Nolan Yonkman is hit by J.T. Miller and loses puck.
17:43 of 1st period - Slapshot by J.T. Miller.
17:43 of 1st period - Stopped by Aaron Dell with a rebound.
17:45 of 1st period - Wrist shot by J.T. Miller.
17:45 of 1st period - Stopped by Aaron Dell with a rebound.
18:38 of 1st period - Minor Penalty to Konrad Abeltshauser for Holding.
18:39 of 1st period - Max Reinhart wins face-off versus Daniel Cleary in Heat zone.
19:16 of 1st period - Scott Hannan is hit by Tyler Wotherspoon and loses puck.
19:23 of 1st period - Daniel Cleary is hit by Tyler Pitlick and loses puck.
19:55 of 1st period - Matt Cooke is hit by Michael Ferland.
Goals for this period are 0 for Heat vs 1 for Crunch.
Shots for this period are 4 for Heat vs 14 for Crunch.

2nd period


0:01 of 2nd period - Bogdan Yakimov wins face-off versus Sam Carrick in neutral zone.
0:18 of 2nd period - Snap shot by Tyler Pitlick.
0:18 of 2nd period - Shot Blocked by Matt Cooke.
0:31 of 2nd period - Snap shot by Tyler Pitlick.
0:31 of 2nd period - Stopped by Aaron Dell with a rebound.
0:33 of 2nd period - Wrist shot by Tyler Pitlick.
0:33 of 2nd period - Shot Misses the Net.
0:35 of 2nd period - Slapshot by Tyler Pitlick.
0:35 of 2nd period - Shot Blocked by Matt Cooke.
0:37 of 2nd period - Snap shot by Bogdan Yakimov.
0:37 of 2nd period - Deflect By Tyler Pitlick.
0:37 of 2nd period - Stopped by Aaron Dell with a rebound.
0:38 of 2nd period - Penalty to Konrad Abeltshauser is over, Konrad Abeltshauser is back on ice.
0:39 of 2nd period - Slapshot by Tyler Pitlick.
0:39 of 2nd period - Stopped by Aaron Dell with a rebound.
0:41 of 2nd period - Snap shot by Bogdan Yakimov.
0:41 of 2nd period - Deflect By Sam Carrick.
0:41 of 2nd period - Shot Blocked by Nolan Yonkman.
0:41 of 2nd period - Puck is out of play.
0:42 of 2nd period - J.T. Miller wins face-off versus Casey Wellman in Crunch zone.
0:47 of 2nd period - Wrist shot by Andre Burakovsky.
0:47 of 2nd period - Stopped by Aaron Dell with a rebound.
1:14 of 2nd period - Wrist shot by Martin Havlat.
1:14 of 2nd period - Shot Misses the Net.
1:32 of 2nd period - Ryan Murphy is hit by Stanislav Galiev.
1:42 of 2nd period - Tyler Wotherspoon is hit by Corban Knight and loses puck.
2:28 of 2nd period - Daniel Carr is hit by Michael Ferland and loses puck.
2:42 of 2nd period - Major / Game Misconduct Penalty to Eriah Hayes for Attempt to injure.
2:42 of 2nd period - Eriah Hayes is ejected from game.
2:43 of 2nd period - Dustin Jeffrey wins face-off versus Chris Tierney in Crunch zone.
3:37 of 2nd period - Ryan Murphy is hit by Nick Jensen and loses puck.
4:58 of 2nd period - Matt Hunwick is hit by Johan Larsson and loses puck.
5:31 of 2nd period - Jordin Tootoo is hit by Stephane Veilleux and loses puck.
7:05 of 2nd period - Tyson Strachan is hit by Dustin Jeffrey and loses puck.
7:09 of 2nd period - Icing by Tyson Strachan.
7:10 of 2nd period - Corban Knight wins face-off versus Tyler Pitlick in Heat zone.
7:11 of 2nd period - Snap shot by Dustin Jeffrey.
7:11 of 2nd period - Shot Misses the Net.
7:42 of 2nd period - Penalty to Eriah Hayes is over, Jordin Tootoo is send on ice.
8:00 of 2nd period - Snap shot by Max Reinhart.
8:00 of 2nd period - Deflect By Michael Ferland.
8:00 of 2nd period - Stopped by Aaron Dell without a rebound.
8:01 of 2nd period - Travis Oleksuk wins face-off versus Bogdan Yakimov in Crunch zone.
8:22 of 2nd period - Markus Lauridsen is hit by Bogdan Yakimov and loses puck.
8:43 of 2nd period - Wrist shot by Martin Havlat.
8:43 of 2nd period - Stopped by Michael Leighton without a rebound.
8:44 of 2nd period - Casey Wellman wins face-off versus Tyler Pitlick in Heat zone.
11:19 of 2nd period - Minor Penalty to Max Reinhart for Slashing.
11:20 of 2nd period - Casey Wellman wins face-off versus Tyler Pitlick in Heat zone.
11:23 of 2nd period - Snap shot by Martin Havlat.
11:23 of 2nd period - Deflect By Daniel Cleary.
11:23 of 2nd period - Shot Misses the Net.
11:23 of 2nd period - Puck is out of play.
11:24 of 2nd period - Tyler Pitlick wins face-off versus Casey Wellman in Heat zone.
12:25 of 2nd period - Bogdan Yakimov is hit by Sam Carrick and loses puck.
12:43 of 2nd period - Bogdan Yakimov is hit by Casey Wellman and loses puck.
13:05 of 2nd period - Icing by Sam Carrick.
13:06 of 2nd period - Tyler Pitlick wins face-off versus Sam Carrick in Crunch zone.
13:19 of 2nd period - Penalty to Max Reinhart is over, Max Reinhart is back on ice.
13:39 of 2nd period - Konrad Abeltshauser is hit by Dustin Jeffrey and loses puck.
13:48 of 2nd period - Snap shot by Matt Ellis.
13:48 of 2nd period - Stopped by Aaron Dell with a rebound.
13:50 of 2nd period - Snap shot by Chris Tierney.
13:50 of 2nd period - Stopped by Aaron Dell without a rebound.
13:51 of 2nd period - Travis Oleksuk wins face-off versus Andre Burakovsky in Crunch zone.
14:27 of 2nd period - Snap shot by Andre Burakovsky.
14:27 of 2nd period - Goal by Andre Burakovsky - Heat : 1 - Crunch : 1.
14:28 of 2nd period - Chris Tierney wins face-off versus Casey Wellman in neutral zone.
14:35 of 2nd period - Snap shot by Stephane Veilleux.
14:35 of 2nd period - Stopped by Aaron Dell with a rebound.
15:01 of 2nd period - Konrad Abeltshauser is hit by Daniel Cleary and loses puck.
15:24 of 2nd period - Slapshot by Sam Carrick.
15:24 of 2nd period - Deflect By Matt Ellis.
15:24 of 2nd period - Stopped by Michael Leighton with a rebound.
16:34 of 2nd period - Corban Knight is hit by Michael Ferland and loses puck.
17:00 of 2nd period - Michael Ferland is hit by Daniel Carr and loses puck.
17:01 of 2nd period - Michael Ferland from Heat is injured at 17:01 of 2nd period (Broken Bone (Right Ankle)).
17:02 of 2nd period - J.T. Miller wins face-off versus Jordin Tootoo in Heat zone.
17:11 of 2nd period - Slapshot by Johan Larsson.
17:11 of 2nd period - Shot Blocked by Scott Hannan.
18:06 of 2nd period - Snap shot by Stephane Veilleux.
18:06 of 2nd period - Shot Blocked by Scott Hannan.
18:08 of 2nd period - Wrist shot by Matt Ellis.
18:08 of 2nd period - Shot Misses the Net.
18:18 of 2nd period - Wrist shot by Matt Ellis.
18:18 of 2nd period - Shot Blocked by Matt Hunwick.
18:20 of 2nd period - Snap shot by Chris Tierney.
18:20 of 2nd period - Shot Misses the Net.
18:22 of 2nd period - Slapshot by Matt Ellis.
18:22 of 2nd period - Stopped by Aaron Dell without a rebound.
18:23 of 2nd period - Corban Knight wins face-off versus Bogdan Yakimov in Crunch zone.
19:16 of 2nd period - Icing by Bogdan Yakimov.
19:17 of 2nd period - Travis Oleksuk wins face-off versus Max Reinhart in Heat zone.
19:30 of 2nd period - Snap shot by Martin Havlat.
19:30 of 2nd period - Stopped by Michael Leighton without a rebound.
19:31 of 2nd period - Tyler Pitlick wins face-off versus Sam Carrick in Heat zone.
19:51 of 2nd period - Wrist shot by Jordin Tootoo.
19:51 of 2nd period - Stopped by Michael Leighton with a rebound.
Goals for this period are 1 for Heat vs 0 for Crunch.
Shots for this period are 10 for Heat vs 4 for Crunch.

3rd period


0:01 of 3rd period - Sam Carrick wins face-off versus J.T. Miller in neutral zone.
0:06 of 3rd period - Snap shot by Matt Cooke.
0:06 of 3rd period - Stopped by Michael Leighton without a rebound.
0:07 of 3rd period - J.T. Miller wins face-off versus Jordin Tootoo in Heat zone.
1:05 of 3rd period - Ryan Murphy is hit by Casey Wellman and loses puck.
1:16 of 3rd period - Snap shot by Chris Tierney.
1:16 of 3rd period - Stopped by Aaron Dell with a rebound.
1:18 of 3rd period - Snap shot by Konrad Abeltshauser.
1:18 of 3rd period - Stopped by Aaron Dell without a rebound.
1:19 of 3rd period - Corban Knight wins face-off versus Bogdan Yakimov in Crunch zone.
1:38 of 3rd period - Wrist shot by Johan Larsson.
1:38 of 3rd period - Stopped by Aaron Dell with a rebound.
1:42 of 3rd period - Wrist shot by Johan Larsson.
1:42 of 3rd period - Stopped by Aaron Dell with a rebound.
1:44 of 3rd period - Wrist shot by Max Reinhart.
1:44 of 3rd period - Shot Blocked by Nolan Yonkman.
1:46 of 3rd period - Slapshot by Konrad Abeltshauser.
1:46 of 3rd period - Deflect By Dustin Jeffrey.
1:46 of 3rd period - Stopped by Aaron Dell without a rebound.
1:47 of 3rd period - Travis Oleksuk wins face-off versus Chris Tierney in Crunch zone.
2:06 of 3rd period - Slapshot by Daniel Carr.
2:06 of 3rd period - Stopped by Michael Leighton with a rebound.
2:08 of 3rd period - Slapshot by Kevin Marshall.
2:08 of 3rd period - Shot Misses the Net.
2:10 of 3rd period - Slapshot by Markus Lauridsen.
2:10 of 3rd period - Shot Misses the Net.
2:12 of 3rd period - Slapshot by Kevin Marshall.
2:12 of 3rd period - Deflect By Stephane Veilleux.
2:12 of 3rd period - Stopped by Michael Leighton without a rebound.
2:13 of 3rd period - Sam Carrick wins face-off versus Tyler Pitlick in Heat zone.
2:34 of 3rd period - Wrist shot by Tyler Pitlick.
2:34 of 3rd period - Stopped by Aaron Dell with a rebound.
2:38 of 3rd period - Snap shot by J.T. Miller.
2:38 of 3rd period - Deflect By Lucas Lessio.
2:38 of 3rd period - Shot Misses the Net.
2:38 of 3rd period - Puck is out of play.
2:39 of 3rd period - Chris Tierney wins face-off versus Casey Wellman in Crunch zone.
2:46 of 3rd period - Wrist shot by Matt Ellis.
2:46 of 3rd period - Deflect By Matt Hunwick.
2:46 of 3rd period - Stopped by Aaron Dell without a rebound.
2:47 of 3rd period - Casey Wellman wins face-off versus Chris Tierney in Crunch zone.
2:54 of 3rd period - Snap shot by Chris Tierney.
2:54 of 3rd period - Shot Misses the Net.
2:56 of 3rd period - Snap shot by Matt Ellis.
2:56 of 3rd period - Shot Blocked by Daniel Cleary.
2:58 of 3rd period - Snap shot by Stephane Veilleux.
2:58 of 3rd period - Stopped by Aaron Dell without a rebound.
2:59 of 3rd period - Casey Wellman wins face-off versus Chris Tierney in Crunch zone.
3:49 of 3rd period - Andre Burakovsky is hit by Jordin Tootoo and loses puck.
4:05 of 3rd period - Icing by Andre Burakovsky.
4:06 of 3rd period - Andre Burakovsky wins face-off versus Corban Knight in Heat zone.
5:05 of 3rd period - Slapshot by Daniel Carr.
5:05 of 3rd period - Shot Misses the Net.
5:19 of 3rd period - Wrist shot by Daniel Carr.
5:19 of 3rd period - Shot Misses the Net.
6:24 of 3rd period - Wrist shot by Johan Larsson.
6:24 of 3rd period - Stopped by Aaron Dell without a rebound.
6:25 of 3rd period - Casey Wellman wins face-off versus Bogdan Yakimov in Crunch zone.
7:09 of 3rd period - Snap shot by Stanislav Galiev.
7:09 of 3rd period - Stopped by Michael Leighton with a rebound.
7:11 of 3rd period - Slapshot by Nolan Yonkman.
7:11 of 3rd period - Shot Misses the Net.
7:13 of 3rd period - Wrist shot by Corban Knight.
7:13 of 3rd period - Stopped by Michael Leighton without a rebound.
7:14 of 3rd period - Corban Knight wins face-off versus Chris Tierney in Heat zone.
10:16 of 3rd period - Wrist shot by Andre Burakovsky.
10:16 of 3rd period - Shot Misses the Net.
10:48 of 3rd period - Tyler Pitlick is hit by Casey Wellman.
11:10 of 3rd period - Wrist shot by Tyler Pitlick.
11:10 of 3rd period - Shot Hit the Post.
11:45 of 3rd period - Icing by Johan Larsson.
11:46 of 3rd period - Travis Oleksuk wins face-off versus J.T. Miller in Heat zone.
11:59 of 3rd period - Snap shot by Daniel Carr.
11:59 of 3rd period - Shot Misses the Net.
12:01 of 3rd period - Wrist shot by Nolan Yonkman.
12:01 of 3rd period - Stopped by Michael Leighton with a rebound.
12:03 of 3rd period - Snap shot by Matt Cooke.
12:03 of 3rd period - Shot Blocked by J.T. Miller.
12:05 of 3rd period - Snap shot by Matt Cooke.
12:05 of 3rd period - Stopped by Michael Leighton without a rebound.
12:06 of 3rd period - Dustin Jeffrey wins face-off versus Chris Tierney in Heat zone.
12:38 of 3rd period - Snap shot by Stanislav Galiev.
12:38 of 3rd period - Stopped by Michael Leighton without a rebound.
12:39 of 3rd period - Daniel Carr wins face-off versus Bogdan Yakimov in Heat zone.
12:44 of 3rd period - Wrist shot by Jordin Tootoo.
12:44 of 3rd period - Stopped by Michael Leighton with a rebound.
12:46 of 3rd period - Wrist shot by Travis Oleksuk.
12:46 of 3rd period - Stopped by Michael Leighton with a rebound.
12:48 of 3rd period - Snap shot by Daniel Carr.
12:48 of 3rd period - Deflect By Jordin Tootoo.
12:48 of 3rd period - Stopped by Michael Leighton with a rebound.
13:15 of 3rd period - Icing by Kevin Marshall.
13:16 of 3rd period - Chris Tierney wins face-off versus Casey Wellman in Crunch zone.
13:54 of 3rd period - Snap shot by Stanislav Galiev.
13:54 of 3rd period - Shot Misses the Net.
13:56 of 3rd period - Snap shot by Nolan Yonkman.
13:56 of 3rd period - Shot Blocked by Johan Larsson.
13:58 of 3rd period - Slapshot by Nick Jensen.
13:58 of 3rd period - Shot Misses the Net.
14:00 of 3rd period - Slapshot by Nolan Yonkman.
14:00 of 3rd period - Stopped by Michael Leighton with a rebound.
14:02 of 3rd period - Slapshot by Nolan Yonkman.
14:02 of 3rd period - Shot Blocked by J.T. Miller.
14:35 of 3rd period - Slapshot by Matt Hunwick.
14:35 of 3rd period - Deflect By Jordin Tootoo.
14:35 of 3rd period - Shot Blocked by Tyson Strachan.
14:35 of 3rd period - Puck is out of play.
14:36 of 3rd period - Travis Oleksuk wins face-off versus Chris Tierney in Heat zone.
14:48 of 3rd period - Minor Penalty to Jordin Tootoo for Goalie Interference.
14:49 of 3rd period - Dustin Jeffrey wins face-off versus Chris Tierney in Crunch zone.
15:08 of 3rd period - Tyler Wotherspoon is hit by Dustin Jeffrey.
15:36 of 3rd period - Wrist shot by Matt Ellis.
15:36 of 3rd period - Stopped by Aaron Dell with a rebound.
15:54 of 3rd period - Snap shot by J.T. Miller.
15:54 of 3rd period - Shot Blocked by Dustin Jeffrey.
16:04 of 3rd period - Scott Hannan is hit by Andre Burakovsky and loses puck.
16:48 of 3rd period - Penalty to Jordin Tootoo is over, Jordin Tootoo is back on ice.
17:09 of 3rd period - Wrist shot by Bogdan Yakimov.
17:09 of 3rd period - Stopped by Aaron Dell with a rebound.
17:11 of 3rd period - Slapshot by Tyler Wotherspoon.
17:11 of 3rd period - Stopped by Aaron Dell without a rebound.
17:12 of 3rd period - Travis Oleksuk wins face-off versus Bogdan Yakimov in Crunch zone.
17:12 of 3rd period - Travis Oleksuk is hit by Tyler Wotherspoon.
17:22 of 3rd period - Daniel Carr is hit by Konrad Abeltshauser and loses puck.
18:17 of 3rd period - J.T. Miller is hit by Sam Carrick and loses puck.
18:24 of 3rd period - Wrist shot by Brenden Kichton.
18:24 of 3rd period - Shot Misses the Net.
18:40 of 3rd period - Matt Ellis is hit by Matt Hunwick and loses puck.
19:11 of 3rd period - Wrist shot by Dustin Jeffrey.
19:11 of 3rd period - Shot Misses the Net.
19:42 of 3rd period - Casey Wellman is hit by Corey Potter and loses puck.
Goals for this period are 0 for Heat vs 0 for Crunch.
Shots for this period are 12 for Heat vs 12 for Crunch.

Overtime #1


0:01 of 1st overtime period - Sam Carrick wins face-off versus J.T. Miller in neutral zone.
0:14 of 1st overtime period - Snap shot by Sam Carrick.
0:14 of 1st overtime period - Shot Blocked by J.T. Miller.
0:16 of 1st overtime period - Snap shot by Scott Hannan.
0:16 of 1st overtime period - Deflect By J.T. Miller.
0:16 of 1st overtime period - Goal by Scott Hannan - Heat : 1 - Crunch : 2.
Goals for this period are 0 for Heat vs 1 for Crunch.
Shots for this period are 0 for Heat vs 1 for Crunch.